 Dungeon Crawl Stone Soup version 0.32-a0-411-g744942f433 (webtiles) character file.

Game seed: 14560890136880814898

18 shadowstone the Ruffian (level 2, 0/18 HPs)
             Began as an Octopode Shapeshifter on Feb 20, 2024.
             Slain by a jackal (2 damage)
             ... on level 1 of the Dungeon.
             The game lasted 00:01:30 (296 turns).

shadowstone the Ruffian (Octopode Shapeshifter)      Turns: 296, Time: 00:01:31

Health: 0/18       AC:  1    Str: 13    XL:     2   Next: 70%
Magic:  2/2        EV: 13    Int: 12    God:
Gold:   31         SH:  0    Dex: 11    Spells: 1/1 levels left

rFire   . .          .
                       - Unarmed
rCold   . . .        h - orb {*channel}
rNeg    . . .        (helmet currently unavailable)
rPois   .            (no amulet)
rElec   .            (no ring)
rCorr   .            (no ring)
SInv    .            (no ring)
Will    .....        (no ring)
Stlth   ++           (no ring)
HPRegen 0.23/turn    (no ring)
MPRegen 0.08/turn    (no ring)
                     (no ring)

%: channel magic (20%)
@: beast-form
A: beast (slay +1), almost no armour, amphibious, 8 rings, camouflage 1,
gelatinous body 1, (nimble swimmer 1), tentacles
a: Begin Untransformation


You were on level 1 of the Dungeon.
You were a hulking beast.
You visited 1 branch of the dungeon, and saw 1 of its levels.

You collected 31 gold pieces.

Inventory:

Armour
 h - an orb of energy (worn)
Talismans
 b - a beast talisman (active)
 c - a flux talisman
Scrolls
 e - a scroll of vulnerability {unknown}
 f - a scroll of enchant weapon {unknown}
Potions
 a - a potion of lignification
 d - a potion of degeneration {unknown}
 g - a potion of curing {unknown}


   Skills:
 + Level 1.0 Fighting
 + Level 2.1 Dodging
 + Level 3.4 Unarmed Combat
 + Level 3.3 Shapeshifting


You had one spell level left.
You didn't know any spells.
Your spell library was empty.

Dungeon Overview and Level Annotations

Branches:
Dungeon (1/15)

Altars:


Innate Abilities, Weirdness & Mutations

You are a hulking beast.
Your limbs bulge with bestial killing power. (Slay +1)
You cannot wear most types of armour.
You are amphibious.
You can wear up to eight rings at the same time.
Your skin changes colour to match your surroundings (Stealth+).
Your rubbery body absorbs attacks. (AC +1, EV +1)
((You are camouflaged when in or above water. (Stealth+)))
You have tentacles for arms and can constrict up to eight enemies at once.


Message History

You kill the endoplasm!
Found a plate armour.
You see here a +0 sling.
A jackal comes into view.
The jackal barks!
You hear a bark!
A jackal comes into view. 2 jackals come into view.
The jackal bites you. The jackal barely misses you.
The jackal barks!
You tentacle-slap the jackal but do no damage.
You grab the jackal. You constrict the jackal. The jackal bites you.
The jackal barely misses you.
You tentacle-slap the jackal.
You kill the jackal!
The jackal bites you.
You tentacle-slap the jackal. You grab the jackal.
The jackal is severely wounded.
You constrict the jackal. The jackal barely misses you. The jackal bites you.
You tentacle-slap the jackal.
You kill the jackal!
The jackal closely misses you. The jackal bites you.
You closely miss the jackal. You grab the jackal.
You constrict the jackal, but do no damage.
The jackal barely misses you. The jackal bites you.
The jackal closely misses you.
You tentacle-slap the jackal.
The jackal is almost dead.
You constrict the jackal.
You kill the jackal!
The jackal bites you.
* * * LOW HITPOINT WARNING * * *
The jackal bites you.
* * * LOW HITPOINT WARNING * * *
You see here a jackal corpse.
You tentacle-slap the jackal. You grab the jackal.
The jackal is heavily wounded.
You constrict the jackal. The jackal bites you.
* * * LOW HITPOINT WARNING * * *
The jackal bites you.
You die...

## ## .. .. .#.#
... # # #.#
#######.######.#
#.#.#.#.#)#.#hh#
####.#.#.#.#.#.#.#
..†.#.#.#.#.#.#.##
...#.#.#.#.#.#..#
##..#.#.#.#.#.#.#
...#.#[#.#.#.#..#
.#..#.#.#.#.#.#.#
...#.#.#.#.#.#[.#
.##.#.#.#.#.#.#.#


You could see a jackal.

Vanquished Creatures
  An endoplasm (D:1)
  A giant cockroach (D:1)
  A hobgoblin (D:1)
  3 jackals (D:1)
  A kobold (D:1)
  A bat (D:1)
  2 rats (D:1)
10 creatures vanquished.

Notes
Turn   | Place    | Note
-------+----------+-------------------------------------------
     0 | D:1      | shadowstone the Octopode Shapeshifter began the quest for
                  | the Orb.
     0 | D:1      | Reached XP level 1. HP: 13/13 MP: 1/1
   185 | D:1      | Reached XP level 2. HP: 18/18 MP: 2/2
   296 | D:1      | Slain by a jackal

Illustrated notes

Levels and vault maps discovered:
D:1:      minmay_arrival_plants_in_alcoves, layout_loops_ring, minivault_23

Action                     || total
---------------------------++-------
  Melee: Unarmed           ||    25
         Tentacles         ||     9
         Constrict         ||     9
   Stab: Sleeping          ||     2
 Armour: Skin              ||    17
  Dodge: Dodged            ||    15

Table legend: (Time is in decaauts)
 A = Elapsed time spent in this place.
 B = Non-inter-level travel time spent in this place.
 C = Inter-level travel time spent in this place.
 D = Time resting spent in this place.
 E = Time spent auto-exploring this place.
 F = Levels seen in this place.
 G = Mean time per level.
                   A        B        C        D        E       F      G
               +--------+--------+--------+--------+--------+-----+--------+
         Total |    294 |    285 |      9 |     18 |    109 |   1 |  294.0 |
       Dungeon |    294 |    285 |      9 |     18 |    109 |   1 |  294.0 |
               +--------+--------+--------+--------+--------+-----+--------+

Top non-repeatable levels by time:
     D:1: 294 daAuts
